 Dungeon Crawl Stone Soup version 0.29.1 (webtiles) character file.

Game seed: 4028947344964310880

4162 xian the Skirmisher (level 10, 0/70 HPs)
             Began as a Demonspawn Air Elementalist on Sept 12, 2022.
             Was a Priest of Fedhas.
             Slain by an orc knight
             ... wielding a +0 halberd
              (10 damage)
             ... in a bailey.
             The game lasted 00:23:31 (8734 turns).

xian the Skirmisher (Demonspawn Air Elementalist)   Turns: 8734, Time: 00:23:32

Health: 0/70       AC: 14    Str: 15    XL:     10   Next: 7%
Magic:  18/18      EV: 14    Int: 19    God:    Fedhas [***...]
Gold:   519        SH:  0    Dex: 19    Spells: 17/20 levels left

rFire   + + .      SeeInvis .   x - +9 arbalest of Otticeq {speed, rN+ Str+4}
rCold   + . .      Faith    .   (shield currently unavailable)
rNeg    + . .      Spirit   .   E - +0 steam dragon scales
rPois   .          Reflect  .   (no helmet)
rElec   .          Harm     .   k - scarf {rC+ rF+}
rCorr   .          Rampage  .   (no gloves)
Will    .....                   (no boots)
Stlth   +++.......              d - amulet of regeneration
HPRegen 1.01/turn               l - +6 ring of dexterity
MPRegen 0.16/turn               j - ring of protection from fire

@: mighty, about to teleport, sanguine armoured
A: demonic guardian 1, spiny 2, sanguine armour 2, demonic touch 1
a: Renounce Religion, Wall of Briars, Grow Ballistomycete


You were in a bailey.
You worshipped Fedhas.
Fedhas was most pleased with you.
You visited 1 branch of the dungeon, and saw 9 of its levels.
You also visited: Bailey.

You collected 519 gold pieces.

Inventory:

Hand Weapons
 c - a +0 dagger
 x - the +9 arbalest of Otticeq (weapon) {speed, rN+ Str+4}
   (You found it on level 6 of the Dungeon)

   Attacks with this weapon are significantly faster.
   Str:       It affects your strength (+4).
   rN:        It protects you from negative energy.
Missiles
 m - 2 throwing nets
Armour
 a - a +0 robe
 k - a scarf of resistance (worn)
 D - a +2 scale mail of positive energy
 E - +0 steam dragon scales (worn)
Jewellery
 d - an amulet of regeneration (around neck)
 i - a ring of resist corrosion
 j - a ring of protection from fire (right hand)
 l - a +6 ring of dexterity (left hand)
 A - an amulet of magic regeneration
Wands
 z - a wand of flame (19)
 C - a wand of acid (5)
Scrolls
 e - 6 scrolls of teleportation
 f - 2 scrolls of fear
 g - 2 scrolls of vulnerability
 h - 2 scrolls of brand weapon
 o - 2 scrolls of poison
 t - a scroll of enchant armour
 u - 2 scrolls of magic mapping
 v - a scroll of torment
 y - a scroll of butterflies {unknown}
 B - 2 scrolls of identify
Potions
 b - a potion of magic
 n - 2 potions of degeneration {unknown}
 q - 3 potions of lignification {unknown}
 r - 3 potions of curing {unknown}
 s - 3 potions of heal wounds
 w - 2 potions of resistance {unknown}
 F - a potion of flight {unknown}
 G - a potion of haste {unknown}
 H - a potion of invisibility {unknown}


   Skills:
 + Level 3.5 Fighting
 + Level 0.6 Short Blades
 * Level 8.5 Ranged Weapons
 + Level 3.5 Dodging
 + Level 3.8 Stealth
 - Level 5.8 Spellcasting
 - Level 5.0 Conjurations
 - Level 5.3 Air Magic


You had 17 spell levels left.
You knew the following spells:

 Your Spells              Type           Power      Damage    Failure   Level
a - Shock                 Conj/Air       100%       1d9       1%          1
b - Static Discharge      Conj/Air       25%        3-7/arc   1%          2

Your spell library contained the following spells:

 Spells                   Type           Power      Damage    Failure   Level
 Magic Dart               Conj           96%        1d7       1%          1
 Swiftness                Air            25%        N/A       3%          3
 Foxfire                  Conj/Fire      60%        2x1d7     4%          1
 Mephitic Cloud           Conj/Pois/Air  18%        N/A       9%          3
 Slow                     Hex            20%        N/A       12%         1
 Summon Small Mammal      Summ           20%        N/A       12%         1
 Conjure Flame            Conj/Fire      15%        6-21      12%         3
 Dazzling Flash           Conj/Hex       30%        N/A       12%         3
 Airstrike                Air            12%        2d(2-18)  13%         4
 Call Imp                 Summ           5%         N/A       17%         2
 Call Canine Familiar     Summ           5%         N/A       34%         3
 Confusing Touch          Hex            5%         N/A       34%         3
 Inner Flame              Hex/Fire       5%         N/A       34%         3
 Summon Guardian Golem    Hex/Summ       5%         N/A       34%         3
 Vampiric Draining        Necr           5%         2d6       34%         3
 Flame Wave               Conj/Fire      15%        2d7       38%         4
 Silence                  Hex/Air        7%         N/A       71%         5
 Agony                    Necr           5%         N/A       97%         5


Dungeon Overview and Level Annotations

Branches:
Dungeon (9/15)             Temple (0/1) D:5          Bailey (1/1)
   Lair: D:8-11         Orc: D:9-12

Altars:
Fedhas
Kikubaaqudgha
Nemelex Xobeh
Qazlal
Ru
Trog
Uskayaw
Vehumet
Yredelemnul

Annotations:
D:5 2 transporters, jejorda2's ghost, novice VSBe
D:8 1 runed translucent door, nshep25's ghost, novice DrCj


Innate Abilities, Weirdness & Mutations

A weak demonic guardian rushes to your aid.
You are mostly covered in sharp spines.
When seriously injured, your blood forms thick armour. (AC +9)
Your touch may inflict minor irresistible damage on your foes.


Message History

Your briar patch is destroyed!
Your briar patch disappears in a puff of smoke!
There is an open door here.
The orc knight misses your iron imp.
The orc knight closely misses your iron imp.
Your iron imp barely misses the orc knight.
You open the door.
The orc knight hits your iron imp with a +0 halberd!
Your iron imp dies!
Your iron imp disappears in a puff of smoke!
There is an open door here.
You close the door.
As you open the door, it creaks loudly!
Okay, then.
Aiming: Corrosive Bolt
Press: ? - help, Shift-Dir - straight line, f/p - orc knight
Aim: an orc knight, wielding a +0 halberd (lightly wounded, 60% to hit)
The bolt of acid misses the orc knight.
As you read the scroll labelled HAPNYGH NOSHES, it crumbles to dust.
You feel strangely unstable.
It was a scroll of teleportation.
The orc knight barely misses you.
Aiming: Corrosive Bolt
Press: ? - help, Shift-Dir - straight line, f/p - orc knight
Aim: an orc knight, wielding a +0 halberd (lightly wounded, 60% to hit)
The bolt of acid hits the orc knight!
The acid corrodes the orc knight!
The orc knight is moderately wounded.
The orc knight hits you from afar with a +0 halberd.
* * * LOW HITPOINT WARNING * * *
Fire: x) +9 arbalest of Otticeq {speed, rN+ Str+4}
Press: ? - help, Shift-Dir - straight line, f/p - orc knight
Aim: an orc knight, wielding a +0 halberd (moderately wounded, covered in acid, 63% to hit)
You shoot a bolt.
The bolt completely misses the orc knight.
The orc knight hits you from afar with a +0 halberd!
* * * LOW HITPOINT WARNING * * *
A demonic guardian appears!
The gnoll misses you.
The orc knight hits you with a +0 halberd!
You die...
Fedhas appreciates your contribution to the ecosystem.

### ##### #.###.'.#
+##'##'###o#
#...).## #g.
#.....### .!.!
+..⌠..')# .⌠.!+
#.....### !.!.#
##.4og.## !.!#
##'##@##'###+ +##+
#.###.###)#.# #'#
### #### ### ##
#)###)###)#.###.#
#.#
##'##'##'###)##'##'#
##.....## ##...).#
#.....#####.....###
+..⌠..')#.'..∩..'.#
#.....#####.....###


You could see an orc knight (corroded, ally target), a gnoll and a friendly
hellwing (summoned).

Vanquished Creatures
  Joseph (D:7)
  A hornet (D:9)
  2 steam dragons (D:8)
  The ghost of bchevrier the Thaumaturge, an amateur GnWn of Ignis (D:3)
  A sky beast (D:7)
  A black bear (D:8)
  2 orc warriors
  An ice beast (D:6)
  2 ogres
  2 centaurs
  A kobold brigand (D:7)
  A phantom (D:3)
  4 bullfrogs
  A necrophage (D:6)
  4 scorpions
  4 wights
  2 howler monkeys
  2 quasits (D:6)
  A jelly (D:8)
  An orc priest (D:4)
  6 hounds
  3 gnoll boudas
  An iguana (D:5)
  9 orc wizards
  12 adders
  22 gnolls
  3 shadow imps (D:6)
  7 white imps
  3 ufetubi
  3 worms
  3 dart slugs
  38 orcs
  10 ball pythons
  5 bats
  6 endoplasms
  2 giant cockroaches
  8 goblins
  6 hobgoblins
  7 jackals
  2 quokkas (D:2)
  5 frilled lizards
  7 kobolds
  5 rats
  A spectral orc (D:4)
209 creatures vanquished.

Vanquished Creatures (collateral kills)
  Prince Ribbit (D:5)
  Edmund (D:5)
  An orc (D:9)
  An endoplasm (D:4)
4 creatures vanquished.

Vanquished Creatures (others)
  6 fungi (D:3)
  6 plants (D:5)
  5 toadstools (D:3)
17 creatures vanquished.

Grand Total: 230 creatures vanquished

Notes
Turn   | Place    | Note
-------+----------+-------------------------------------------
     0 | D:1      | xian the Demonspawn Air Elementalist began the quest for
                  | the Orb.
     0 | D:1      | Reached XP level 1. HP: 13/13 MP: 3/3
   401 | D:1      | Gained mutation: You are partially covered in sharp spines.
                  | [demonic ancestry]
   401 | D:1      | Reached XP level 2. HP: 19/19 MP: 3/5
  1108 | D:2      | Reached XP level 3. HP: 11/24 MP: 1/6
  1487 | D:2      | Found a blossoming altar of Fedhas.
  1564 | D:2      | You fall into a shaft and drop 2 floors!
  1931 | D:3      | Gained mutation: Your touch may inflict minor irresistible
                  | damage on your foes. [demonic ancestry]
  1931 | D:3      | Reached XP level 4. HP: 21/30 MP: 0/8
  1999 | D:3      | Found a stormy altar of Qazlal.
  2031 | D:3      | Found a runed translucent door.
  2034 | D:3      | Noticed a phantom
  2038 | D:3      | Noticed a bullfrog
  2040 | D:3      | Noticed bchevrier's ghost (amateur GnWn)
  2049 | D:3      | Killed a phantom
  2050 | D:3      | Gained mutation: You are mostly covered in sharp spines.
                  | [demonic ancestry]
  2050 | D:3      | Reached XP level 5. HP: 26/35 MP: 4/9
  2360 | D:3      | Found a hide-covered altar of Uskayaw.
  2462 | D:3      | Found an ancient bone altar of Kikubaaqudgha.
  2523 | D:2      | Found a faded altar of an unknown god.
  2640 | D:2      | Learned a level 2 spell: Static Discharge
  3535 | D:3      | Gained mutation: A weak demonic guardian rushes to your
                  | aid. [demonic ancestry]
  3535 | D:3      | Reached XP level 6. HP: 34/42 MP: 8/11
  4115 | D:3      | Killed bchevrier's ghost
  4116 | D:3      | Gained mutation: When seriously injured, your blood forms
                  | armour. (AC +9) [demonic ancestry]
  4116 | D:3      | Reached XP level 7. HP: 40/47 MP: 1/13
  4383 | D:4      | Found a basalt altar of Yredelemnul.
  4490 | D:4      | HP: 1/47 [orc warrior/+0 glaive (17)]
  4521 | D:5      | Entered Level 5 of the Dungeon
  4521 | D:5      | Noticed Edmund
  4526 | D:5      | Killed Edmund
  5043 | D:4      | Reached skill level 1 in Fighting
  5043 | D:4      | Reached skill level 5 in Spellcasting
  5151 | D:5      | Reached XP level 8. HP: 54/54 MP: 4/15
  5249 | D:5      | Found a transporter.
  5250 | D:5      | Found a transporter.
  5485 | D:5      | Reached skill level 5 in Air Magic
  5549 | D:5      | Found a bloodstained altar of Trog.
  5555 | D:5      | Noticed Prince Ribbit
  5565 | D:5      | Killed Prince Ribbit
  5744 | D:5      | Identified the +7 trident of the Warrior-Mage {venom, rF+
                  | rN+}
  5744 | D:5      | Identified the +5 ring mail "Toap" {rF+}
  5744 | D:5      | Identified the +3 kite shield of the Iron City of Dis
                  | {rElec rC- Str+4 Dex+9}
  5754 | D:5      | Noticed jejorda2's ghost (novice VSBe)
  5791 | D:5      | Found a staircase to the Ecumenical Temple.
  6280 | D:6      | Reached skill level 5 in Conjurations
  6430 | D:6      | Found a blossoming altar of Fedhas.
  6513 | D:6      | Found a radiant altar of Vehumet.
  6524 | D:6      | Identified the +9 arbalest of Otticeq {speed, rN+ Str+4}
  6593 | D:6      | Became a worshipper of Fedhas Madash
  6623 | D:6      | Reached skill level 1 in Ranged Weapons
  6642 | D:6      | Reached skill level 2 in Ranged Weapons
  6721 | D:6      | Reached skill level 3 in Ranged Weapons
  6790 | D:6      | Reached * piety under Fedhas
  6792 | D:6      | Reached skill level 4 in Ranged Weapons
  6792 | D:6      | Reached XP level 9. HP: 61/61 MP: 17/17
  7034 | D:7      | Found a sparkling altar of Nemelex Xobeh.
  7157 | D:7      | Noticed Joseph
  7165 | D:6      | Reached skill level 5 in Ranged Weapons
  7365 | D:7      | Killed Joseph
  7366 | D:7      | Reached skill level 6 in Ranged Weapons
  7794 | D:8      | Noticed nshep25's ghost (novice DrCj)
  7998 | D:8      | Reached skill level 7 in Ranged Weapons
  8002 | D:8      | Reached ** piety under Fedhas
  8172 | D:8      | Found a sacrificial altar of Ru.
  8281 | D:8      | Found a runed translucent door.
  8378 | D:9      | Reached skill level 8 in Ranged Weapons
  8465 | D:9      | Gained mutation: When seriously injured, your blood forms
                  | thick armour. (AC +9) [demonic ancestry]
  8465 | D:9      | Reached XP level 10. HP: 70/70 MP: 18/18
  8486 | D:9      | Found a flagged portal.
  8577 | Bailey   | Entered a bailey
  8602 | Bailey   | Reached *** piety under Fedhas
  8707 | Bailey   | Noticed an orc knight
  8734 | Bailey   | Slain by an orc knight

Illustrated notes

Levels and vault maps discovered:
D:1:      amcnicky_arrival_blooded_trapdoor, layout_loops_ring, hex_large,
          minmay_misc_feat_tiny, nicolae_concentric_dashed_squares_wild
D:2:      layout_rooms, basic_altar, chequers_ecumenical_altar_simple,
          serial_curves, eino_curves_01, eino_curves_03, grunt_ministairs_2,
          chequers_garden
D:3:      layout_basic, kiku_gazebo_pond_becter, lemuel_round_altar,
          mainiacjoe_overflow_alcove_4, old_standard_altar,
          ebering_ghost_sewer_d, minmay_gold_behind_fungi, kennysheep_path_1
D:4:      layout_cave_pods, yredelemnul_forgotten_temple_becter,
          chequers_serial_rivers_small_b
D:5:      layout_layer_cave, mainiacjoe_overflow_alcove_1,
          minmay_temple_entry_statues_fountains, gammafunk_ghost_gnarly_gnolls,
          uniq_prince_ribbit1, uniq_edmund
D:6:      layout_loops_ring, mainiacjoe_overflow_small_starburst,
          fedhas_altar_3, serial_demonic, serial_demonic_d, serial_demonic_a,
          serial_demonic_a, serial_demonic_e, st_stairs_1, corexii_shack
D:7:      layout_loops_cross, mainiacjoe_overflow_catwalk, uniq_joseph
D:8:      layout_basic, hangedman_ru_absence, hellmonk_ghost_happy_afterlife,
          kennysheep_generic_room_13
D:9:      layout_roguey, dpeg_lair_monsters, enter_bailey_3
Bailey:   bailey_polearm_nasty_gnolls, bailey

Skill      XL: |  1  2  3  4  5  6  7  8  9 |
---------------+----------------------------+-----
Dodging        | 2 3 |  3.5
Air Magic      | 3 4 5 |  5.3
Stealth        | 2 3 |  3.8
Conjurations   | 2 3 4 5 |  5.0
Spellcasting   | 3 4 5 |  5.8
Fighting       | 1 2 3 |  3.5
Ranged Weapons | 4 8 |  8.5
Short Blades   | |  0.6

Action                   |  1- 3 |  4- 6 |  7- 9 | 10-12 || total
-------------------------+-------+-------+-------+-------++-------
Melee: Club              |    19 |       |       |       ||    19
       Punch             |     1 |     1 |       |       ||     2
       Dagger            |    17 |    14 |     5 |       ||    36
       Touch             |       |     2 |     1 |       ||     3
 Fire: Arbalest          |       |       |   151 |    47 ||   198
 Cast: Shock             |    78 |   102 |    63 |       ||   243
       Static Discharge  |       |     9 |    15 |       ||    24
Invok: Wall of Briars    |       |       |       |     1 ||     1
Evoke: Wand              |       |       |       |     2 ||     2
  Use: Scroll            |     4 |     1 |     4 |     1 ||    10
       Potion            |       |       |       |     1 ||     1
 Stab: Sleeping          |     2 |       |       |       ||     2
Armor: Robe              |    11 |     6 |     5 |       ||    22
       Steam dragon scal |       |       |       |     2 ||     2
Dodge: Dodged            |    36 |    21 |    33 |    17 ||   107
